 Dungeon Crawl Stone Soup version 0.30-a0-1160-g6e42c06551 (webtiles) character file.

Game seed: 17233905422990687117

10874 kae the Grappler (level 11, 0/89 HPs)
             Began as a Demigod Transmuter on Apr 25, 2023.
             Shot with an arrow by a centaur warrior (14 damage)
             ... on level 10 of the Dungeon.
             The game lasted 00:11:19 (9645 turns).

kae the Grappler (Demigod Transmuter)               Turns: 9645, Time: 00:11:20

Health: 0/89       AC:  9    Str: 15    XL:     11   Next: 19%
Magic:  24/24      EV: 19    Int: 23    God:
Gold:   890        SH:  5    Dex: 14    Spells: 5/22 levels left

rFire   . .          .
                       - Unarmed
rCold   . . .        (no shield)
rNeg    . . .        a - +0 robe
rPois   +            O - +0 hat {Will+}
rElec   .            I - +2 cloak {rPois}
rCorr   .            H - +2 pair of gloves
SInv    .            d - +0 pair of boots
Will    ++...        s - amulet of reflection
Stlth   +            E - +5 ring of evasion
HPRegen 0.34/turn    (no ring)
MPRegen 0.19/turn

%: reflection
@: no status effects
A: high MP 1, forlorn, divine attributes
a: no special abilities


You were on level 10 of the Dungeon.
You visited 1 branch of the dungeon, and saw 10 of its levels.
You also visited: Bailey.

You collected 1137 gold pieces.
You spent 247 gold pieces at shops.


Innate Abilities, Weirdness & Mutations

You have an increased reservoir of magic. (+10% MP)
You shall have no god before yourself.
Your divine heritage dramatically boosts your attributes as you level up.


   Skills:
 - Level 6.1 Fighting
 + Level 5.2 Dodging
 - Level 10.0 Unarmed Combat
 - Level 6.0 Spellcasting
 - Level 7.0 Transmutations
 - Level 6.0 Ice Magic
 - Level 2.0 Poison Magic


You had 5 spell levels left.
You knew the following spells:

 Your Spells              Type           Power      Damage    Failure   Level
a - Beastly Appendage     Tmut           78%        N/A       1%          1
b - Wereblood             Tmut           39%        N/A       1%          2
c - Spider Form           Tmut/Pois      27%        N/A       4%          3
d - Ice Form              Ice/Tmut       36%        N/A       6%          4
e - Storm Form            Tmut/Air       11%        N/A       100%        7

Your spell library contained the following spells:

 Spells                   Type           Power      Damage    Failure   Level
 Magic Dart               Conj           24%        1d4       9%          1
 Blink                    Tloc           12%        N/A       13%         2
 Lesser Beckoning         Tloc           12%        N/A       13%         2
 Scorch                   Fire           12%        2d6       13%         2
 Searing Ray              Conj           12%        2d4       13%         2
 Static Discharge         Conj/Air       12%        2-3/arc   13%         2
 Gell's Gravitas          Tloc           6%         N/A       26%         3
 Teleport Other           Tloc           6%         N/A       26%         3
 Airstrike                Air            3%         2d(1-17)  63%         4
 Flame Wave               Conj/Fire      6%         2d5       63%         4
 Fulminant Prism          Conj/Hex       3%         3d5       63%         4
 Manifold Assault         Tloc           6%         N/A       63%         4
 Summon Lightning Spire   Summ/Air       6%         N/A       63%         4
 Summon Cactus Giant      Summ           3%         N/A       100%        6

Inventory:

Missiles
 c - 82 stones
 i - 11 boomerangs
 m - 41 poisoned darts
 u - 10 curare-tipped darts {=f}
 y - 4 throwing nets {=f!f}
 M - 6 javelins
Armour
 a - a +0 robe (worn)
 d - a +0 pair of boots (worn)
   (You found it on level 1 of the Dungeon)
 H - a +2 pair of gloves (worn)
   (You found it on level 7 of the Dungeon)
 I - a +2 cloak of poison resistance (worn)
   (You took it off Crazy Yiuf on level 7 of the Dungeon)
 O - a +0 hat of willpower (worn)
   (You took it off Gastronok on level 8 of the Dungeon)
Magical Staves
 o - a staff of death {!a}
   (You found it on level 3 of the Dungeon)
 B - a staff of earth {!a}
   (You found it in a bailey)
 C - the staff of fire "Zion" {rPois rF+ MP+9 Int-2, !a}
   (You found it in a bailey)

   [staff of fire]

   Base accuracy: +5 Base damage: 5 Base attack delay: 1.2 This weapon's minimum
   attack delay (0.6) is reached at skill level 12.
   Int:       It affects your intelligence (-2).
   rF:        It protects you from fire.
   rPois:     It protects you from poison.
   MP:        It affects your magic capacity (+9).
   It falls into the 'Staves' category.
   It is a one-handed weapon.
Jewellery
 p - an amulet of magic regeneration
   (You found it on level 4 of the Dungeon)
 s - an amulet of reflection (around neck)
   (You found it on level 4 of the Dungeon)
 z - the amulet of Lekir {Faith Str+4}
   (You took it off a gnoll bouda in a bailey)

   [amulet of faith]

   It allows you to gain divine favour quickly.
   Str:       It affects your strength (+4).
 A - an amulet of the acrobat
   (You took it off a gnoll on level 6 of the Dungeon)
 E - a +5 ring of evasion (left hand)
   (You found it on level 4 of the Dungeon)
 F - a ring of protection from fire
   (You found it on level 7 of the Dungeon)
 L - a ring of flight
   (You found it on level 8 of the Dungeon)
Wands
 f - a wand of charming (26)
   (You found it on level 2 of the Dungeon)
 q - a wand of polymorph (13)
   (You found it on level 3 of the Dungeon)
 G - a wand of digging (7)
   (You found it on level 7 of the Dungeon)
Scrolls
 e - 6 scrolls of teleportation {@r4}
 t - 2 scrolls of brand weapon
 w - 7 scrolls of identify {@r1}
 x - a scroll of fear
 J - 2 scrolls of torment {!r}
 P - a scroll of vulnerability {!r!r}
 Q - a scroll of magic mapping {!r}
Potions
 b - 3 potions of lignification {!q}
 g - a potion of mutation {!q}
 h - 2 potions of ambrosia
 j - 3 potions of heal wounds {@q2}
 k - a potion of haste {@q3}
 l - 3 potions of cancellation
 n - a potion of flight
 r - 4 potions of curing {@q1}
 v - 2 potions of attraction {!q}
 D - a potion of brilliance
 K - a potion of invisibility
 N - a potion of resistance

Dungeon Overview and Level Annotations

Branches:
Dungeon (10/15) Zot: 26882  Temple (0/1) D:5          Bailey (visited)
   Lair: D:8-11         Orc: D:9-12

Shops:
D:4 ?   D:6 !   D:9 ?   D:10 *

Annotations:
D:10 Lodul

.##..........
..#....c.... #.
..........h# #..
...........# ...
.........########
....
........#.....###....
#...................
#...........<.##
#.@............#
#..............##
#...............#
##...............#
#...............#
#..............##
###..∩......####
###########


You could see a centaur warrior and a warg.


Message History

😮 HP[+1]
Things that are here:
a +0 giant spiked club; a warg corpse
There is a stone staircase leading down here. 😕 HP[+1]
You see here a yak corpse.
Your primal bloodlust is almost over.
Your primal bloodlust has ended.
There is a stone staircase leading down here. 😕 HP[+10] MP[+3]
You regained 10 hp, and now have 90/106 hp.
Your mp is fully restored (24).
You climb downwards.
Level annotation: Lodul
Found 3 scrolls of identify.
Found Baek's Lightly-Used Armoury.
There is a stone staircase leading up here. 😕 HP[+1] Unknown command.
Casting: Wereblood (safe; 1% risk of failure)
Confirm with . or Enter, or press ? or * to list all spells.
Your blood is infused with primal strength.
The shadow slips into darkness.
The shadow flickers and vanishes!
Deactivating autopickup; reactivate with Ctrl-A. 😕 MP[-2]
You lost 2 mp, and now have 22/24 mp. 😕 HP[+1]
You hit something.
The shadow strikes at you from the darkness!
Reactivating autopickup. 😕 HP[-4]
You take 4 damage, and now have 88/106 hp.
You hit the shadow. The shadow hits you. 😕 HP[-3] MP[+1]
You take 3 damage, and now have 85/106 hp.
Unknown command.
You punch the shadow! The shadow hits you. 😕 HP[+1]
You punch the shadow!
You feel a bit better.
You destroy the shadow! 😕 HP[+2]
You regained 2 hp, and now have 88/106 hp. 😕 HP[+1]
There is a stone staircase leading up here. 😕 MP[+1]
Your mp is fully restored (24).
You start resting. 😕 HP[+1]
You howl as the wereblood boils in your veins!
You howl as the wereblood boils in your veins!
Your transformation is almost over.
You howl as the wereblood boils in your veins!
Your primal bloodlust is almost over.
You warm up again.
Your +2 cloak of poison resistance unmelds from your body.
Your +0 hat of willpower unmelds from your body.
Your +2 pair of gloves unmelds from your body.
Your +0 pair of boots unmelds from your body.
Your +0 robe unmelds from your body.
You feel resistant to poison.
You feel strong-willed.
You howl as the wereblood boils in your veins!
Key pressed, stopping explore.
Your primal bloodlust has ended.
There is an entrance to Baek's Lightly-Used Armoury here. 😎 HP[-1]
You now have 89 max hp (-17).
w - 7 scrolls of identify {@r1} (gained 3)
A centaur warrior comes into view.
The centaur warrior shouts!
The centaur warrior wields a +0 longbow.
The centaur warrior shoots an arrow.
The arrow hits you!! 😕 HP[-19]
You take 19 damage, and now have 70/89 hp.
MASSIVE DAMAGE!! (PAUSE)
Aiming: Polymorph
Press: ? - help, Shift-Dir - straight line, f - centaur warrior
Aim: a centaur warrior, wielding a +0 longbow (will become a cane toad, a floating eye, or a glowing shapeshifter, chance to affect: 31%)
The centaur warrior easily resists.
The centaur warrior shoots an arrow.
The arrow hits you!! 😮 HP[-17]
You take 17 damage, and now have 53/89 hp.
Aiming: Polymorph
Press: ? - help, Shift-Dir - straight line, f/p - centaur warrior
Aim: a centaur warrior, wielding a +0 longbow (will become a cane toad, a floating eye, or a glowing shapeshifter, chance to affect: 31%)
The centaur warrior easily resists.
The centaur warrior shoots an arrow.
The arrow hits you!!
* * * LOW HITPOINT WARNING * * *
😨 HP[-18]
You take 18 damage, and now have 35/89 hp.
MASSIVE DAMAGE!! (PAUSE) Attack: -) Nothing wielded
Press: ? - help, Dir - move target, f - you, p - centaur warrior
Okay, then.
Okay, then.
Okay, then.
Okay, then.
The centaur warrior shoots an arrow.
The arrow hits you!!
* * * LOW HITPOINT WARNING * * *
The centaur warrior shoots an arrow.
The arrow hits you!
You die...

Skill      XL: |  1  2  3  4  5  6  7  8  9 10 11 |
---------------+----------------------------------+-----
Transmutations | 2 3 4 5 7 |  7.0
Spellcasting   | 2 3 4 6 |  6.0
Poison Magic   | 1 2 |  2.0
Ice Magic      | 2 3 5 6 |  6.0
Fighting       | 1 4 6 |  6.1
Unarmed Combat | 3 6 9 10 | 10.0
Dodging        | 2 5 |  5.2

Action                     |  1- 3 |  4- 6 |  7- 9 | 10-12 || total
---------------------------+-------+-------+-------+-------++-------
  Melee: Unarmed           |    96 |   113 |   326 |   261 ||   796
         Kick              |    15 |     5 |       |       ||    20
         Headbutt          |    13 |     5 |       |       ||    18
         Punch             |     1 |     2 |       |       ||     3
   Cast: Beastly Appendage |    24 |     8 |       |     1 ||    33
         Spider Form       |     1 |     7 |     3 |       ||    11
         Ice Form          |       |     3 |    36 |    24 ||    63
         Wereblood         |       |     1 |    11 |    12 ||    24
Ability: End Transformatio |       |       |     2 |     1 ||     3
  Evoke: Wand              |       |       |     2 |     2 ||     4
    Use: Scroll            |     8 |     5 |     3 |     3 ||    19
         Potion            |       |     1 |     1 |       ||     2
   Stab: Sleeping          |       |     1 |       |       ||     1
 Armour: Robe              |    23 |     3 |     1 |       ||    27
         Skin              |       |    12 |    59 |    48 ||   119
  Dodge: Dodged            |    79 |    68 |   284 |   139 ||   570
  Block: Other             |       |    10 |    86 |    53 ||   149
         Reflection        |       |       |     4 |     2 ||     6

Levels and vault maps discovered:
D:1:      minmay_arrival_arboretum_small, layout_basic
D:2:      layout_loops_ring, serial_glass, glass_columns_b, glass_columns_a,
          kennysheep_cross_room, minivault_25, grunt_ministairs_12, uniq_jessica
D:3:      layout_rooms, nicolae_qazlal_beasts_of_the_sky
D:4:      layout_loops_ring, serial_shops, shop
D:5:      layout_basic, minmay_temple_entry_mist, minmay_misc_feat_more_columns,
          nicolae_titane
D:6:      hangedman_cross_stitches, layout_loops_ring, serial_shops, shop
D:7:      layout_basic, demons_altar, enter_bailey_3, uniq_crazy_yiuf_cottage
D:8:      layout_loops_ring, grunt_temple_overflow_open, minmay_misc_feat_alley,
          serial_bayou_pond_e, grunt_ministairs_2, uniq_gastronok
D:9:      layout_basic, nicolae_kikubaaqudgha_miasma_corner, serial_shops, shop,
          uniq_maurice, uniq_maggie, uniq_amaemon
D:10:     layout_cave_pods, erik_lair_orcish_takeover,
          nicolae_trove_entry_crossroad, minmay_shop_damaged, uniq_lodul

Notes
Turn   | Place    | Note
-------+----------+-------------------------------------------
     0 | D:1      | kae the Demigod Transmuter began the quest for the Orb.
     0 | D:1      | Reached XP level 1. HP: 15/15 MP: 5/5
     0 | D:1      | magus.rc [v1.11.3]
    60 | D:1      | Reached skill level 2 in Transmutations
    94 | D:1      | Reached skill level 2 in Spellcasting
   226 | D:1      | Reached XP level 2. HP: 19/22 MP: 4/7
   860 | D:1      | Learned a level 2 spell: Wereblood
  1306 | D:2      | Reached XP level 3. HP: 20/27 MP: 7/9
  1310 | D:2      | Learned a level 3 spell: Spider Form
  1350 | D:2      | Noticed Jessica
  1356 | D:2      | Killed Jessica
  1357 | D:2      | Reached skill level 1 in Poison Magic
  1430 | D:2      | Found the +2 ratskin cloak {*Rats rPois rN+ Str-1 Int-1
                  | Dex+1}
  1794 | D:3      | Noticed a sky beast
  1804 | D:2      | Reached XP level 4. HP: 34/34 MP: 10/10
  1820 | D:3      | HP: 8/34 [something (5)]
  1828 | D:3      | Killed a sky beast
  1829 | D:3      | Reached skill level 3 in Spellcasting
  1829 | D:3      | Reached skill level 3 in Transmutations
  1829 | D:3      | Reached skill level 2 in Poison Magic
  1829 | D:3      | Reached XP level 5. HP: 27/39 MP: 8/12
  1893 | D:3      | Learned a level 4 spell: Ice Form
  2413 | D:4      | Reached skill level 1 in Ice Magic
  2865 | D:4      | Found Doirynel's Magic Scroll Boutique.
  2873 | D:4      | Bought a scroll of identify for 28 gold pieces
  2873 | D:4      | Bought a scroll of identify for 28 gold pieces
  2873 | D:4      | Bought a scroll of teleportation for 42 gold pieces
  2881 | D:4      | You pick up a book of Storms and begin reading...
  2881 | D:4      | You add the spells Static Discharge, Airstrike and Summon
                  | Lightning Spire to your library.
  3149 | D:5      | Entered Level 5 of the Dungeon
  3149 | D:5      | Noticed an ogre
  3282 | D:5      | Noticed an ice beast
  3303 | D:5      | Killed an ice beast
  3304 | D:5      | Reached skill level 4 in Transmutations
  3304 | D:5      | Reached skill level 2 in Ice Magic
  3304 | D:5      | Reached XP level 6. HP: 46/46 MP: 10/14
  3365 | D:5      | You add the spells Blink, Manifold Assault and Storm Form
                  | to your library.
  3520 | D:5      | Reached skill level 3 in Ice Magic
  3539 | D:5      | Reached XP level 7. HP: 51/51 MP: 13/16
  3543 | D:5      | Reached skill level 4 in Spellcasting
  3658 | D:5      | Found a staircase to the Ecumenical Temple.
  3855 | D:5      | Reached skill level 4 in Ice Magic
  4106 | D:6      | Found Iriste's Distillery.
  4259 | D:6      | Reached skill level 5 in Transmutations
  4468 | D:6      | Reached skill level 5 in Ice Magic
  4607 | D:6      | Reached XP level 8. HP: 58/58 MP: 16/18
  5012 | D:6      | Reached skill level 5 in Spellcasting
  5012 | D:6      | Reached skill level 6 in Ice Magic
  5096 | D:6      | You pick up a book of Displacement and begin reading...
  5096 | D:6      | You add the spells Lesser Beckoning, Gell's Gravitas and
                  | Teleport Other to your library.
  5109 | D:6      | Noticed a cyclops
  5125 | D:6      | Killed a cyclops
  5126 | D:6      | Reached skill level 6 in Transmutations
  5411 | D:6      | Reached skill level 6 in Spellcasting
  5563 | D:6      | Reached skill level 7 in Transmutations
  5563 | D:6      | Reached skill level 1 in Fighting
  5563 | D:6      | Reached skill level 3 in Unarmed Combat
  5563 | D:6      | Reached XP level 9. HP: 64/64 MP: 16/21
  5758 | D:7      | Reached skill level 2 in Fighting
  5765 | D:7      | Reached skill level 4 in Unarmed Combat
  5836 | D:7      | Reached skill level 3 in Fighting
  5836 | D:7      | Reached skill level 5 in Unarmed Combat
  5893 | D:7      | Found a flagged portal.
  5903 | Bailey   | Entered a bailey
  5998 | Bailey   | Reached skill level 6 in Unarmed Combat
  6143 | Bailey   | Reached skill level 4 in Fighting
  6146 | Bailey   | HP: 21/85 [gnoll/+0 spear (3)]
  6492 | Bailey   | Identified the amulet of Lekir {Faith Str+4}
  6716 | Bailey   | Identified the staff of fire "Zion" {rPois rF+ MP+9 Int-2}
  6970 | D:7      | Reached XP level 10. HP: 80/80 MP: 17/22
  6998 | D:7      | You pick up a book of Conjurations and begin reading...
  6998 | D:7      | You add the spells Magic Dart, Searing Ray and Fulminant
                  | Prism to your library.
  7019 | D:7      | You pick up a book of Scorching and begin reading...
  7019 | D:7      | You add the spells Scorch, Flame Wave and Summon Cactus
                  | Giant to your library.
  7180 | D:7      | Reached skill level 7 in Unarmed Combat
  7266 | D:7      | Found a runed translucent door.
  7267 | D:7      | Noticed Crazy Yiuf
  7372 | D:7      | Killed Crazy Yiuf
  7599 | D:8      | Reached skill level 5 in Fighting
  7848 | D:8      | Reached skill level 8 in Unarmed Combat
  8211 | D:8      | Noticed Gastronok
  8248 | D:8      | Killed Gastronok
  8249 | D:8      | Reached skill level 6 in Fighting
  8249 | D:8      | Reached skill level 9 in Unarmed Combat
  8675 | D:9      | Learned a level 7 spell: Storm Form
  8753 | D:9      | Reached skill level 2 in Dodging
  8892 | D:9      | Found Ynioxzex's Magic Scroll Shoppe.
  9030 | D:9      | Bought a scroll of magic mapping for 97 gold pieces
  9030 | D:9      | Bought a scroll of identify for 26 gold pieces
  9030 | D:9      | Bought a scroll of identify for 26 gold pieces
  9129 | D:9      | Noticed Maggie
  9134 | D:9      | Killed Maggie
  9373 | D:9      | Reached XP level 11. HP: 89/89 MP: 19/24
  9384 | D:9      | Reached skill level 3 in Dodging
  9384 | D:9      | Noticed Amaemon
  9384 | D:9      | Noticed Maurice
  9393 | D:9      | Killed Maurice
  9394 | D:9      | Reached skill level 10 in Unarmed Combat
  9398 | D:9      | Killed Amaemon
  9399 | D:9      | Reached skill level 4 in Dodging
  9526 | D:10     | Entered Level 10 of the Dungeon
  9531 | D:10     | Noticed Lodul
  9545 | D:9      | Reached skill level 5 in Dodging
  9576 | D:10     | Found Baek's Lightly-Used Armoury.
  9642 | D:10     | Noticed a centaur warrior
  9645 | D:10     | HP: 14/89 [centaur warrior/arrow (21)]
  9645 | D:10     | Shot with an arrow by a centaur warrior

Vanquished Creatures
  Gastronok (D:8)
  Amaemon (D:9)
  A cyclops (D:6)
  Maurice (D:9)
  An orange demon (D:9)
  Maggie (D:9)
  A hornet (D:8)
  2 shadows
  A wyvern (D:7)
  3 yaks (D:9)
  A wraith (D:6)
  2 steam dragons
  2 wargs (D:9)
  3 water moccasins
  2 ice beasts
  3 orc warriors
  3 sky beasts
  2 black bears (D:6)
  2 ogres
  3 wolves (Bailey)
  3 centaurs
  A phantom (D:5)
  5 bullfrogs
  4 kobold brigands
  3 scorpions
  11 gnoll sergeants
  18 wights
  6 killer bees (D:8)
  3 jellies
  4 gnoll boudas (Bailey)
  5 hounds
  Crazy Yiuf (D:7)
  5 iguanas
  3 iron imps (D:7)
  3 orc priests
  Jessica (D:2)
  3 sleepcaps
  6 orc wizards
  33 gnolls
  5 adders
  A white imp (D:5)
  An ufetubus (D:5)
  A worm (D:2)
  2 dart slugs
  32 orcs
  2 ball pythons
  7 endoplasms
  4 giant cockroaches
  5 hobgoblins
  4 jackals (D:3)
  2 quokkas
  4 bats
  5 frilled lizards
  8 goblins
  25 kobolds
  A rat (D:1)
263 creatures vanquished.

Vanquished Creatures (collateral kills)
  2 wolves (Bailey)
  A gnoll sergeant (Bailey)
  3 gnoll boudas (Bailey)
  2 gnolls (Bailey)
8 creatures vanquished.

Vanquished Creatures (others)
  A gnoll sergeant (Bailey)
1 creature vanquished.

Grand Total: 272 creatures vanquished

Table legend:
 A = Non-vault XP
 B = Vault XP
 C = Vault XP percentage of total XP
 D = Non-vault monster count
 E = Vault monster count
 F = Vault count percentage of total count
                 A         B        C        D         E       F
            +---------+---------+-------+---------+---------+-------
      Total |    7919 |    7616 |  49.0 |     202 |      69 |  25.5
            +---------+---------+-------+---------+---------+-------
        D:1 |      28 |       0 |   0.0 |      17 |       0 |   0.0
        D:2 |      48 |      40 |  45.5 |      13 |       3 |  18.8
        D:3 |      21 |     132 |  86.3 |      11 |       1 |   8.3
        D:4 |     156 |       0 |   0.0 |      12 |       0 |   0.0
        D:5 |     749 |       0 |   0.0 |      25 |       0 |   0.0
        D:6 |    1302 |    1011 |  43.7 |      21 |      11 |  34.4
        D:7 |    1496 |     163 |   9.8 |      31 |       8 |  20.5
        D:8 |    1903 |    2137 |  52.9 |      41 |       6 |  12.8
        D:9 |    1993 |    2459 |  55.2 |      30 |       7 |  18.9
       D:10 |     223 |       0 |   0.0 |       1 |       0 |   0.0
     Bailey |       0 |    1674 | 100.0 |       0 |      33 | 100.0
            +---------+---------+-------+---------+---------+-------

Skill      XL: |  1  2  3  4  5  6  7  8  9 10 11 |
---------------+----------------------------------+-----
Transmutations | 2 3 4 5 7 |  7.0
Spellcasting   | 2 3 4 6 |  6.0
Poison Magic   | 1 2 |  2.0
Ice Magic      | 2 3 5 6 |  6.0
Fighting       | 1 4 6 |  6.1
Unarmed Combat | 3 6 9 10 | 10.0
Dodging        | 2 5 |  5.2

Action                     |  1- 3 |  4- 6 |  7- 9 | 10-12 || total
---------------------------+-------+-------+-------+-------++-------
  Melee: Unarmed           |    96 |   113 |   326 |   261 ||   796
         Kick              |    15 |     5 |       |       ||    20
         Headbutt          |    13 |     5 |       |       ||    18
         Punch             |     1 |     2 |       |       ||     3
   Cast: Beastly Appendage |    24 |     8 |       |     1 ||    33
         Spider Form       |     1 |     7 |     3 |       ||    11
         Ice Form          |       |     3 |    36 |    24 ||    63
         Wereblood         |       |     1 |    11 |    12 ||    24
Ability: End Transformatio |       |       |     2 |     1 ||     3
  Evoke: Wand              |       |       |     2 |     2 ||     4
    Use: Scroll            |     8 |     5 |     3 |     3 ||    19
         Potion            |       |     1 |     1 |       ||     2
   Stab: Sleeping          |       |     1 |       |       ||     1
 Armour: Robe              |    23 |     3 |     1 |       ||    27
         Skin              |       |    12 |    59 |    48 ||   119
  Dodge: Dodged            |    79 |    68 |   284 |   139 ||   570
  Block: Other             |       |    10 |    86 |    53 ||   149
         Reflection        |       |       |     4 |     2 ||     6

Illustrated notes

Table legend:
 A = Kills in this place as a percentage of kills in the entire game.
 B = Kills by you in this place as a percentage of kills by you in the entire game.
 C = Kills by friends in this place as a percentage of kills by friends in the entire game.
 D = Other kills in this place as a percentage of other kills in the entire game.
 E = Experience gained in this place as a percentage of experience gained in the entire game.
 F = Experience gained in this place divided by the number of levels of this place that you have seen.
                   A       B       C       D       E      F
               +-------+-------+-------+-------+-------+----------------------
         Total | 100.0 | 100.0 | 100.0 |   N/A | 100.0 | 1412.3
       Dungeon |  87.8 |  90.5 |   0.0 |   N/A |  89.2 | 1386.1
        Bailey |  12.2 |   9.5 | 100.0 |   N/A |  10.8 | 1674.0
               +-------+-------+-------+-------+-------+----------------------

Table legend: (Time is in decaauts)
 A = Elapsed time spent in this place.
 B = Non-inter-level travel time spent in this place.
 C = Inter-level travel time spent in this place.
 D = Time resting spent in this place.
 E = Time spent auto-exploring this place.
 F = Levels seen in this place.
 G = Mean time per level.
                   A        B        C        D        E       F      G
               +--------+--------+--------+--------+--------+-----+--------+
         Total |   9576 |   9309 |    267 |    534 |   6651 |  11 |  870.5 |
       Dungeon |   8709 |   8442 |    267 |    249 |   6403 |  10 |  870.9 |
        Bailey |    867 |    867 |      0 |    285 |    248 |   1 |  867.0 |
               +--------+--------+--------+--------+--------+-----+--------+

Top non-repeatable levels by time:
     D:6: 1322 daAuts
     D:8: 1185 daAuts
     D:5: 1088 daAuts
     D:2: 919 daAuts
     D:7: 893 daAuts
     D:4: 888 daAuts
     D:9: 884 daAuts
     D:1: 877 daAuts
  Bailey: 867 daAuts
     D:3: 571 daAuts
    D:10: 78 daAuts
